 Dungeon Crawl Stone Soup version 0.28-a0-1117-g0bdd5ba030 (webtiles) character file.

Game seed: 4251756347481772322

56 spaghetti the Ruffian (level 3, -3/34 HPs)
             Began as a Naga Chaos Knight on Dec 12, 2021.
             Was a Plaything of Xom.
             Slain by a goblin (6 damage)
             ... led by Robin
             ... on level 2 of the Dungeon.
             The game lasted 00:09:56 (2588 turns).

spaghetti the Ruffian (Naga Chaos Knight)           Turns: 2588, Time: 00:09:57

Health: -3/34      AC:  9    Str: 16    XL:     3   Next: 95%
Magic:  3/3        EV:  9    Int: 12    God:    Xom [..*...]
Gold:   59         SH:  0    Dex: 10    Spells: 2/2 levels left

rFire   . . .      SeeInvis +     - Unarmed
rCold   . . .      Faith    .   (no shield)
rNeg    . . .      Spirit   .   a - +3 leather armour
rPois   +          Reflect  .   (no helmet)
rElec   .          Harm     .   (no cloak)
rCorr   .          Rampage  .   (no gloves)
Will    .....                   (no barding)
Stlth   ..........              (no amulet)
HPRegen 0.11/turn               f - +4 ring of protection
MPRegen 0.08/turn               (no ring)

@: short of breath, silenced, weak-willed, very slow
A: AC +1, large, see invisible, deformed body, poison resistance, slowness 2,
spit poison 1, naga tail 1
a: Spit Poison, Renounce Religion


You were on level 2 of the Dungeon.
You worshipped Xom.
You were a toy of Xom.
You visited 1 branch of the dungeon, and saw 2 of its levels.

You collected 59 gold pieces.


Innate Abilities, Weirdness & Mutations

Your serpentine skin is tough. (AC +1)
You have supernaturally acute eyesight. (SInv)
Armour fits poorly on your strangely shaped body.
Your system is resistant to poisons. (rPois)
You cover ground very slowly.
You can spit poison.
You have a snake-like lower body.


   Skills:
 - Level 3.0 Fighting
 + Level 2.2 Throwing
 - Level 1.5 Armour
 - Level 0.7 Dodging
 - Level 3.8 Unarmed Combat


You had 2 spell levels left.
You didn't know any spells.
Your spell library contained the following spells:

 Spells                   Type           Power      Damage    Failure   Level
 Shock                    Conj/Air       0%         1d3       38%         1
 Swiftness                Air            0%         N/A       77%         3
 Airstrike                Air            0%         N/A       99%         4

Inventory:

Hand Weapons
 g - a +0 dagger of protection {short}
   (You took it off a goblin on level 1 of the Dungeon)
Missiles
 b - 73 stones (quivered) {throwing}
Armour
 a - a +3 leather armour (worn)
Jewellery
 f - a +4 ring of protection (left hand)
   (You found it on level 1 of the Dungeon)
Scrolls
 d - 3 scrolls of blinking {unknown}

Dungeon Overview and Level Annotations

Branches:
Dungeon (2/15)

Altars:

Annotations:
D:2 Robin

#.### #.##..# #.# #.#
#.# #.##..# #.# #.#
#.#
###.##..####.###.####
#.#
#......).............
#.#
##....(g..g..###.####
#.#
#...###########.####
#.#
#..g.....##........#
#.#
#.#g####.##.########
#.# #.#@# #.##.# #
#.# #.#g# #.##.#### #
#.# #.#.# #.......# #
####.#####.#.#
#..#.##.# #
#..........#.#
#..#....# #
############.#
#..###..# #
#.####..###..#####
#.................
#.####..##########


You could see Robin (poisoned, weak-willed), a hobgoblin (weak-willed) and a
goblin (strong, weak-willed).


Message History

You take 3 damage, and now have 20/34 hp.
You aren't carrying any items that you can evoke.
Okay, then.
It was a potion of curing.
You feel better.
You have got your breath back.
The goblin hits you but does no damage. Robin misses you. 😕 HP[+10]
You regained 10 hp, and now have 30/34 hp.
You hit Robin but do no damage. The goblin hits you but does no damage.
You aren't carrying any items that you can evoke.
Throw: 75 stones {throwing}
Press: ? - help, Q - select action, (/) - cycle Shift-Dir - straight line, f - Robin
Aim: Robin, wielding a +3 spear of flaming, wearing a +0 animal skin and wearing a +0 helmet (65% to hit)
You throw a stone {throwing}.
The stone {throwing} hits Robin but does no damage.
Robin hits you with a +3 spear of flaming.
Robin burns you. The goblin barely misses you. 😮 HP[-7]
You take 7 damage, and now have 23/34 hp.
MASSIVE DAMAGE!! (PAUSE)
Aiming: Spit Poison (2% risk of failure)
Press: ? - help, Shift-Dir - straight line, f/p - Robin
Aim: Robin, wielding a +3 spear of flaming, wearing a +0 animal skin and wearing a +0 helmet
Okay, then.
Okay, then.
You aren't carrying any items that you can evoke.
You aren't carrying any potions.
As you read the scroll labelled CYOB FUJ MILIU, it crumbles to dust.
It is a scroll of enchant armour.
Your +2 leather armour glows green for a moment.
Robin hits you with a +3 spear of flaming.
* * * LOW HITPOINT WARNING * * *
Robin burns you.
* * * LOW HITPOINT WARNING * * *
The goblin hits you with a +0 club.
* * * LOW HITPOINT WARNING * * *
😨 HP[-13]
You take 13 damage, and now have 10/34 hp.
MASSIVE DAMAGE!! (PAUSE)
As you read the scroll labelled GIUTEAXA JOROB, it crumbles to dust.
Magic quickly surges around you.
It was a scroll of vulnerability.
Robin roars a battlecry!
The goblin goes into a battle-frenzy!
The goblin hits you but does no damage.
You hear a shout!
As you read the scroll labelled QOHUFF NANUTHI, it crumbles to dust.
A profound silence engulfs you.
It was a scroll of silence.
The goblin hits you but does no damage.
Magic scrolls do not work when you're silenced!
Unknown command.
Unknown command.
You aren't carrying any items that you can evoke.
You aren't carrying any potions.
You completely miss the goblin.
The hobgoblin no longer looks unusually strong.
The goblin no longer looks unusually strong.
Robin hits you with a +3 spear of flaming.
* * * LOW HITPOINT WARNING * * *
Robin burns you.
* * * LOW HITPOINT WARNING * * *
The goblin hits you but does no damage. 😱 HP[-2]
You take 2 damage, and now have 8/34 hp.
You punch the goblin!
You kill the goblin!
Robin hits you with a +3 spear of flaming.
* * * LOW HITPOINT WARNING * * *
Robin burns you.
* * * LOW HITPOINT WARNING * * *
😱 HP[-2]
You take 2 damage, and now have 6/34 hp.
Unknown command.
Throw: 74 stones {throwing}
Press: ? - help, Q - select action, (/) - cycle Shift-Dir - straight line, f/p - Robin
Aim: Robin, wielding a +3 spear of flaming, wearing a +0 animal skin and wearing a +0 helmet (silenced, weak-willed, 65% to hit)
You throw a stone {throwing}.
The stone {throwing} hits Robin but does no damage.
Robin throws the goblin at you!
* * * LOW HITPOINT WARNING * * *
The goblin completely misses you. 😱 HP[-1]
You take 1 damage, and now have 5/34 hp.
Aiming: Spit Poison (2% risk of failure)
Press: ? - help, Shift-Dir - straight line, f - hobgoblin, p - Robin
Aim: a hobgoblin (silenced, weak-willed)
The splash of poison hits Robin.
Robin is poisoned.
Robin hits you with a +3 spear of flaming.
* * * LOW HITPOINT WARNING * * *
Robin burns you.
* * * LOW HITPOINT WARNING * * *
The goblin hits you but does no damage. 😱 HP[-2]
You take 2 damage, and now have 3/34 hp.
You can't do that yet.
Unknown command.
You completely miss the goblin. Robin hits you but does no damage.
The goblin closely misses you.
You hit the goblin but do no damage. Robin hits you but does no damage.
The goblin hits you with a +0 club.
You die...

Skill      XL: |  1  2  3 |
---------------+----------+-----
Throwing       | 1 2 |  2.2
Fighting       | |  3.0
Armour         | |  1.5
Dodging        | |  0.7
Unarmed Combat | |  3.8

Action                   || total
-------------------------++-------
Melee: Unarmed           ||    65
       Punch             ||     1
Throw: Stone             ||    29
 Abil: Spit Poison       ||    30
  Use: Scroll            ||     4
       Potion            ||     2
Armor: Leather armour    ||    44
Dodge: Dodged            ||    34

Levels and vault maps discovered:
D:1:      dpeg_arrival_snail, layout_basic, shapermc_ecumenical_altar_flowoftime
D:2:      layout_basic, uniq_robin

Notes
Turn   | Place    | Note
-------+----------+-------------------------------------------
     0 | D:1      | spaghetti the Naga Chaos Knight began the quest for the
                  | Orb.
     0 | D:1      | Reached XP level 1. HP: 21/21 MP: 1/1
     0 | D:1      | magus.rc [v1.9.6]
   132 | D:1      | XOM: 2-stop teleportation journey
   243 | D:1      | XOM: 2-stop teleportation journey
   485 | D:1      | Reached XP level 2. HP: 28/28 MP: 2/2
   507 | D:1      | You pick up a book of Air and begin reading...
   507 | D:1      | You add the spells Shock, Swiftness and Airstrike to your
                  | library.
   689 | D:1      | XOM: silly message
   799 | D:1      | XOM: silly message
   883 | D:1      | Found a faded altar of an unknown god.
  1066 | D:1      | XOM: divination: detect creatures
  1407 | D:2      | Reached skill level 1 in Throwing
  1407 | D:2      | Reached XP level 3. HP: 34/34 MP: 3/3
  1888 | D:2      | XOM is BORED!
  1897 | D:2      | XOM: 3-stop teleportation journey
  2104 | D:2      | Reached skill level 2 in Throwing
  2452 | D:2      | Noticed Robin
  2583 | D:2      | HP: 8/34 [Robin (1)]
  2586 | D:2      | HP: 3/34 [Robin (1)]
  2588 | D:2      | Slain by a goblin

Vanquished Creatures
  An adder (D:2)
  2 worms (D:2)
  A dart slug (D:1)
  3 ball pythons
  3 endoplasms (D:2)
  3 giant cockroaches
  5 goblins
  2 hobgoblins (D:2)
  3 jackals (D:2)
  5 kobolds
  A bat (D:1)
  4 frilled lizards
  5 rats
38 creatures vanquished.

Table legend:
 A = Non-vault XP
 B = Vault XP
 C = Vault XP percentage of total XP
 D = Non-vault monster count
 E = Vault monster count
 F = Vault count percentage of total count
                 A         B        C        D         E       F
            +---------+---------+-------+---------+---------+-------
      Total |      76 |       4 |   5.0 |      36 |       2 |   5.3
            +---------+---------+-------+---------+---------+-------
        D:1 |      22 |       0 |   0.0 |      13 |       0 |   0.0
        D:2 |      54 |       4 |   6.9 |      23 |       2 |   8.0
            +---------+---------+-------+---------+---------+-------

Illustrated notes

Table legend:
 A = Kills in this place as a percentage of kills in entire the game.
 B = Kills by you in this place as a percentage of kills by you in the entire game.
 C = Kills by friends in this place as a percentage of kills by friends in the entire game.
 D = Other kills in this place as a percentage of other kills in the entire game.
 E = Experience gained in this place as a percentage of experience gained in the entire game.
 F = Experience gained in this place divided by the number of levels of this place that you have seen.
                   A       B       C       D       E      F
               +-------+-------+-------+-------+-------+----------------------
         Total | 100.0 | 100.0 |   N/A |   N/A | 100.0 |  40.0
       Dungeon | 100.0 | 100.0 |   N/A |   N/A | 100.0 |  40.0
               +-------+-------+-------+-------+-------+----------------------

Table legend: (Time is in decaauts)
 A = Elapsed time spent in this place.
 B = Non-inter-level travel time spent in this place.
 C = Inter-level travel time spent in this place.
 D = Time resting spent in this place.
 E = Time spent auto-exploring this place.
 F = Levels seen in this place.
 G = Mean time per level.
                   A        B        C        D        E       F      G
               +--------+--------+--------+--------+--------+-----+--------+
         Total |   3178 |   3174 |      4 |    885 |   1996 |   2 | 1589.0 |
       Dungeon |   3178 |   3174 |      4 |    885 |   1996 |   2 | 1589.0 |
               +--------+--------+--------+--------+--------+-----+--------+

Top non-repeatable levels by time:
     D:2: 1611 daAuts
     D:1: 1566 daAuts
